 Dungeon Crawl Stone Soup version 0.27.1-33-g824d729ab1 (webtiles) character file.

Game seed: 5136936757428551679

2781 lordive the Geomancer (level 9, -14/49 HPs)
             Began as a Gargoyle Earth Elementalist on Dec 26, 2021.
             Was a Follower of Vehumet.
             Demolished by a boulder beetle (17 damage)
             ... on level 7 of the Dungeon.
             The game lasted 00:22:13 (9827 turns).

lordive the Geomancer (Gargoyle Earth Elementalist) Turns: 9827, Time: 00:22:15

Health: -14/49     AC: 16    Str: 12    XL:     9   Next: 70%
Magic:  0/17       EV: 11    Int: 19    God:    Vehumet [*.....]
Gold:   324        SH:  5    Dex: 10    Spells: 14/19 levels left

rFire    . . .     SeeInvis +   i - +4 flail (freeze)
rCold    . . .     Faith    .   (no shield)
rNeg     + + .     Spirit   .   c - +0 acid dragon scales
rPois    ∞         Reflect  +   p - +2 hat
rElec    +         Harm     .   B - +0 cloak
rCorr    +         Rampage  .   (no gloves)
Will     .....                  (no boots)
Stlth    ++........             d - amulet of reflection
HPRegen  0.16/turn              z - ring of positive energy
MPRegen  0.15/turn              C - ring of see invisible

@: hasted, very quick
A: sickness immunity, AC +6, negative energy resistance 1, electricity
resistance, torment resistance 1, petrification resistance
a: Renounce Religion


You were on level 7 of the Dungeon.
You worshipped Vehumet.
Vehumet was aware of your devotion.
You visited 2 branches of the dungeon, and saw 8 of its levels.

You collected 324 gold pieces.

Inventory:

Hand Weapons
 i - a +4 flail of freezing (weapon)
Missiles
 y - 39 stones
Armour
 c - +0 acid dragon scales (worn)
 p - a +2 hat (worn)
 B - a +0 cloak (worn)
Jewellery
 d - an amulet of reflection (around neck)
 w - an amulet of magic regeneration
 z - a ring of positive energy (left hand)
 C - a ring of see invisible (right hand)
Wands
 q - a wand of digging (7)
Scrolls
 h - 2 scrolls of fear {unknown}
 j - 2 scrolls of blinking {unknown}
 k - 3 scrolls of enchant weapon {unknown}
 m - 2 scrolls of teleportation {unknown}
 n - 2 scrolls of noise {unknown}
 o - a scroll of holy word {unknown}
 r - a scroll of magic mapping {unknown}
 s - a scroll of amnesia {unknown}
 t - a scroll of brand weapon {unknown}
 u - a scroll of vulnerability {unknown}
Potions
 a - a potion of brilliance {unknown}
 b - 3 potions of mutation
 e - a potion of lignification
 f - 4 potions of curing
 g - 4 potions of magic
 v - a potion of might {unknown}
 x - a potion of resistance {unknown}
 A - a potion of heal wounds {unknown}
 D - 2 potions of flight {unknown}


   Skills:
 * Level 2.8 Fighting
 * Level 4.2 Maces & Flails
 * Level 3.4 Armour
 * Level 2.8 Dodging
 + Level 3.0 Stealth
 * Level 2.4 Shields
 * Level 5.9 Spellcasting
 * Level 5.8 Conjurations
 * Level 1.1 Hexes
 + Level 0.7 Transmutations
 * Level 8.3 Earth Magic
 * Level 0.6 Evocations


You had 14 spell levels left.
You knew the following spells:

 Your Spells              Type           Power      Damage    Failure   Level
a - Sandblast             Erth           74%        2d16      1%          1
b - Stone Arrow           Conj/Erth      64%        3d11      2%          3
c - Corona                Hex            11%        N/A       10%         1

Your spell library contained the following spells:

 Spells                   Type           Power      Damage    Failure   Level
 Freeze                   Ice            20%        1d4       17%         1
 Passwall                 Tmut/Erth      18%        N/A       3%          2
 Slow                     Hex            10%        N/A       16%         2
 Animate Skeleton         Necr           10%        N/A       17%         1
 Apportation              Tloc           10%        N/A       17%         1
 Pain                     Necr           20%        1d5       17%         1
 Summon Small Mammal      Summ           20%        N/A       17%         1
 Wereblood                Tmut           8%         N/A       19%         2
 Petrify                  Tmut/Erth      22%        N/A       26%         4
 Confusing Touch          Hex            10%        N/A       30%         3
 Vampiric Draining        Necr           2%         2d6       45%         3
 Yara's Violent Unravell  Hex/Tmut       4%         3d4       97%         5
 Summon Hydra             Summ           2%         N/A       100%        7
 Sublimation of Blood     Necr           Unusable   N/A       N/A         2

Dungeon Overview and Level Annotations

Branches:
Dungeon (7/15)             Temple (1/1) D:5

Altars:
Ashenzari
Cheibriados
Dithmenos
Elyvilon
Fedhas
Gozag
Hepliaklqana
Kikubaaqudgha
Makhleb
Nemelex Xobeh
Okawaru
Qazlal
Ru
Sif Muna
Uskayaw
Vehumet
Wu Jian
Xom
Yredelemnul
Zin
The Shining One

Shops:
D:4 =   D:7 (


Innate Abilities, Weirdness & Mutations

You are immune to sickness and miasma.
Your stone body is resilient. (AC +6)
You are immune to poison.
You resist negative energy. (rN+)
You are resistant to electric shocks. (rElec)
You are resistant to unholy torment.
You are immune to petrification.


Message History

Press: ? - help, Shift-Dir - straight line, f/p - boulder beetle
Aim: a boulder beetle (moderately wounded, 100% to hit)
The stone arrow hits the boulder beetle!
The boulder beetle is heavily wounded.
The boulder beetle bites you!
You hit the boulder beetle. You freeze the boulder beetle.
The boulder beetle is heavily wounded.
The boulder beetle leaps!
Casting: Stone Arrow (dangerous; 2% risk of failure)
Confirm with . or Enter, or press ? or * to list all spells.
You can't see any susceptible monsters within range! (Use Z to cast anyway.)
Casting: Stone Arrow (dangerous; 2% risk of failure)
Confirm with . or Enter, or press ? or * to list all spells.
Aiming: Stone Arrow (dangerous; 2% risk of failure)
Press: ? - help, Shift-Dir - straight line, f/p - boulder beetle
Aim: a boulder beetle (heavily wounded, 100% to hit)
The stone arrow hits the boulder beetle.
The boulder beetle is heavily wounded.
You feel yourself speed up.
The boulder beetle curls into a ball and begins rolling!
The boulder beetle hits you!
* * * LOW HITPOINT WARNING * * *
The boulder beetle stops rolling and uncurls.
You hit the boulder beetle. You freeze the boulder beetle.
The boulder beetle is heavily wounded.
You thump the boulder beetle! You freeze the boulder beetle.
The boulder beetle is severely wounded.
The boulder beetle bites you but does no damage.
You hit the boulder beetle but do no damage.
The boulder beetle is severely wounded.
The boulder beetle bites you but does no damage.
Casting: Stone Arrow (dangerous; 2% risk of failure)
Confirm with . or Enter, or press ? or * to list all spells.
Aiming: Sandblast (safe; 1% risk of failure)
Press: ? - help, Shift-Dir - straight line, f/p - boulder beetle
Aim: a boulder beetle (severely wounded, 100% to hit)
The blast of sand hits the boulder beetle but does no damage.
The boulder beetle is severely wounded.
The boulder beetle bites you!
You die...

######### #.......#
#####+#####.#### #..............#
##### #..............# ## #..)#
#.B@...........####.
##...#########...................
.................................
.###############'#####...........
.# #.....# #....).####. .#
#.##### #......# #. .# #...#
#......## ## .# ###.#
#.....(.#### .# .°. #...).......


You could see a boulder beetle.

Vanquished Creatures
  A steam dragon (D:7)
  2 vampire mosquitoes (D:6)
  An acid dragon (D:6)
  3 orc warriors
  2 ice beasts
  A black bear (D:5)
  A sky beast (D:6)
  A necrophage (D:6)
  3 ogres
  A centaur (D:6)
  A kobold brigand (D:6)
  2 scorpions (D:4)
  4 wights (D:7)
  A centaur zombie (D:7)
  A howler monkey (D:6)
  2 jellies
  2 orc priests
  4 hounds (D:5)
  2 centaur skeletons
  8 iguanas
  3 bullfrog skeletons
  An orc wizard (D:6)
  A hound zombie (D:5)
  A hound skeleton (D:4)
  4 adders
  2 howler monkey skeletons
  An ufetubus (D:7)
  4 worms (D:3)
  3 dart slugs (D:1)
  9 orcs
  4 ball pythons
  3 endoplasms
  5 giant cockroaches
  11 goblins
  3 hobgoblins (D:1)
  8 jackals
  8 kobolds
  3 quokkas
  6 bats
  A frilled lizard (D:1)
  7 rats
131 creatures vanquished.

Vanquished Creatures (others)
  A kobold (D:3)
1 creature vanquished.

Grand Total: 132 creatures vanquished

Notes
Turn   | Place    | Note
-------+----------+-------------------------------------------
     0 | D:1      | lordive the Gargoyle Earth Elementalist began the quest for
                  | the Orb.
     0 | D:1      | Reached XP level 1. HP: 10/10 MP: 3/3
   199 | D:1      | Found a faded altar of an unknown god.
   229 | D:1      | Reached skill level 4 in Earth Magic
   338 | D:1      | Reached XP level 2. HP: 15/15 MP: 3/5
   670 | D:1      | Reached XP level 3. HP: 7/19 MP: 0/6
   927 | D:1      | Learned a level 3 spell: Stone Arrow
  1286 | D:2      | Reached skill level 1 in Conjurations
  1882 | D:2      | Reached XP level 4. HP: 24/24 MP: 1/8
  2678 | D:3      | Learned a level 1 spell: Corona
  2913 | D:3      | Reached skill level 5 in Earth Magic
  2997 | D:3      | Reached XP level 5. HP: 21/28 MP: 7/9
  3874 | D:4      | Reached skill level 1 in Maces & Flails
  3954 | D:4      | Reached skill level 1 in Shields
  4173 | D:4      | HP: 1/28 [scorpion (5)]
  4175 | D:4      | Reached XP level 6. HP: 2/33 MP: 2/10
  4477 | D:4      | Found a radiant altar of Vehumet.
  4490 | D:4      | Became a worshipper of Vehumet
  4539 | D:4      | Found Risk's Jewellery Shoppe.
  4695 | D:4      | Reached skill level 1 in Armour
  4967 | D:5      | Entered Level 5 of the Dungeon
  4974 | D:5      | Reached skill level 1 in Fighting
  5003 | D:5      | Reached XP level 7. HP: 38/38 MP: 8/12
  5136 | D:5      | Found a staircase to the Ecumenical Temple.
  5147 | Temple   | Entered the Ecumenical Temple
  5380 | D:5      | Reached skill level 6 in Earth Magic
  5837 | D:5      | Found a basalt altar of Yredelemnul.
  6304 | D:5      | Reached XP level 8. HP: 43/43 MP: 1/14
  6426 | D:5      | Found a white marble altar of Elyvilon.
  7288 | D:6      | Reached skill level 5 in Conjurations
  7289 | D:6      | Reached skill level 5 in Spellcasting
  7289 | D:6      | Reached skill level 7 in Earth Magic
  7296 | D:6      | Reached XP level 9. HP: 6/48 MP: 3/16
  7863 | D:6      | Reached * piety under Vehumet
  7863 | D:6      | Offered knowledge of Freeze by Vehumet.
  7864 | D:6      | Reached skill level 8 in Earth Magic
  7950 | D:6      | Found a snail-covered altar of Cheibriados.
  8731 | D:7      | Found a hide-covered altar of Uskayaw.
  9005 | D:7      | Reached skill level 1 in Hexes
  9135 | D:7      | Found Ajeiriade's Antique Weapon Shoppe.
  9408 | D:7      | Noticed a boulder beetle
  9453 | D:7      | Found an opulent altar of Gozag.
  9458 | D:7      | Found a sacrificial altar of Ru.
  9827 | D:7      | Demolished by a boulder beetle

Illustrated notes

Levels and vault maps discovered:
D:1:      eino_arrival_tree_alley, layout_basic,
          shapermc_ecumenical_altar_starsandcircs, minmay_pentomino_z2
D:2:      minmay_general_purpose_star, layout_basic
D:3:      layout_basic
D:4:      layout_cave_pools, lemuel_round_altar, grunt_decor_junction,
          eino_tiny_chamber, kennysheep_diamond
D:5:      layout_cave_pools, kennysheep_ying_yang,
          minmay_temple_entry_large_hall, corner_web_ring
D:6:      layout_basic, lemuel_round_altar, minivault_11,
          kennysheep_small_square
D:7:      layout_basic, mainiacjoe_overflow_alcove_4,
          mainiacjoe_overflow_large_starburst, nicolae_stop_n_shop_2,
          kennysheep_another_room, minmay_the_grid_2x2 [minmay_the_grid_paths,
          minmay_the_grid_empty, minmay_the_grid_plusring,
          minmay_the_grid_prize_big_room]
Temple:   eino_narrow_crystal_temple

Skill      XL: |  1  2  3  4  5  6  7  8  9 |
---------------+----------------------------+-----
Earth Magic    | 4 5 6 7 8 |  8.3
Conjurations   | 1 2 3 5 |  5.8
Maces & Flails | 1 2 3 4 |  4.2
Spellcasting   | 3 4 5 |  5.9
Dodging        | 2 |  2.8
Shields        | 1 2 |  2.4
Armour         | 1 2 3 |  3.4
Fighting       | 1 2 |  2.8
Hexes          | 1 |  1.1
Stealth        | 3 |  3.0
Transmutations | |  0.7
Evocations     | |  0.6

Action                   |  1- 3 |  4- 6 |  7- 9 || total
-------------------------+-------+-------+-------++-------
Melee: Club              |    23 |       |       ||    23
       Morningstar       |    21 |   154 |    54 ||   229
       Flail             |       |       |     7 ||     7
 Cast: Sandblast         |    51 |    27 |    11 ||    89
       Stone Arrow       |       |       |    94 ||    94
       Corona            |       |       |     3 ||     3
  Use: Scroll            |       |       |     6 ||     6
       Potion            |       |       |     1 ||     1
 Stab: Sleeping          |       |     3 |       ||     3
Armor: Robe              |    32 |    30 |       ||    62
       Leather armour    |       |    46 |    45 ||    91
       Acid dragon scale |       |       |     4 ||     4
Dodge: Dodged            |    52 |    98 |    69 ||   219
Block: Other             |     1 |    56 |    13 ||    70
       Reflection        |       |     4 |       ||     4
